 Dungeon Sprint DCSS version 0.30-a0-390-g80c34de65d (webtiles) character file.

Game seed: 6122253668054410780

4214 mhtbhm the Protected (level 10, -21/99 HPs)
             Began as an Armataur Fighter on Dec 4, 2022.
             Demolished by an ironbound preserver
             ... wielding a +0 great mace
              (28 damage)
             ... in the Dungeon (Sprint V: "Ziggurat Sprint").
             The game lasted 00:03:02 (703 turns).

mhtbhm the Protected (Armataur Fighter)              Turns: 703, Time: 00:03:03

Health: -21/99     AC: 21    Str: 37    XL:     10   Next: 9%
Magic:  10/10      EV:  0    Int: 10    God:
Gold:   0          SH: 30    Dex:  9    Spells: 9/9 levels left

rFire   + + +      SeeInvis +    a - +14 obsidian axe {vorpal, Mesm Drain Fly SInv}
rCold   + . .      Faith    .    c - +18 shield of the Gong {rElec rN+ Will+ EV-5}
rNeg    + . .      Spirit   .    b - +5 gold dragon scales
rPois   +          Reflect  .    (no helmet)
rElec   +          Harm     .    (no cloak)
rCorr   .          Roll     +    (no gloves)
Will    +....      NoTele   +    (no barding)
Stlth   .......... NoCast   +    C - amulet "Yptikh" {-Cast rF++ Regen+}
HPRegen 1.16/turn                x - +6 ring of strength
MPRegen 0.12/turn                y - +6 ring of strength

@: flying, mesmerised
A: large, rugged brown scales 3, deformed body, armoured tail, roll, long
tongue, awkward tongue
a: no special abilities


You were in the Dungeon.
You visited 1 branch

Inventory:

Hand Weapons
 a - the +14 obsidian axe (weapon) {vorpal, Mesm Drain Fly SInv}
   (You found it in the Dungeon)

   It inflicts extra damage upon your enemies.
   It occasionally summons demons to assist the wielder when it strikes in
   combat.
   Its wielder is mesmerised by any visible foes.
   It cannot be unequipped while any foes are visible.
   SInv:      It lets you see invisible.
   Fly:       It grants you flight.
   Drain:     It drains your maximum health when unequipped.
Missiles
 E - a throwing net (quivered)
Armour
 b - +5 gold dragon scales (worn)
 c - the +18 shield of the Gong (worn) {rElec rN+ Will+ EV-5}
   (You found it in the Dungeon)

   It is deafeningly noisy when blocking attacks.
   EV:        It affects your evasion (-5).
   rElec:     It insulates you from electricity.
   rN:        It protects you from negative energy.
   Will:      It increases your willpower.
Jewellery
 t - the ring "Evyul" {Ice rElec rCorr Str+3 Dex-5}
   (You found it in the Dungeon)

   [ring of ice]

   It enhances your ice magic.
   Str:       It affects your strength (+3).
   Dex:       It affects your dexterity (-5).
   rF:        It makes you vulnerable to fire.
   rC:        It protects you from cold.
   rElec:     It insulates you from electricity.
   rCorr:     It protects you from acid and corrosion.
 u - the ring of Happiness {Wiz rPois Int+4}
   (You found it in the Dungeon)

   [ring of wizardry]

   It improves your spell success rate.
   Int:       It affects your intelligence (+4).
   rPois:     It protects you from poison.
 w - a ring of see invisible
 x - a +6 ring of strength (left hand)
 y - a +6 ring of strength (right hand)
 C - the amulet "Yptikh" (around neck) {-Cast rF++ Regen+}
   (You found it in the Dungeon)

   [amulet of regeneration]

   rF:        It greatly protects you from fire.
   -Cast:     It prevents spellcasting.
   Regen:     It increases your rate of health regeneration.
 D - a ring of willpower
Wands
 z - a wand of mindburst (7)
 A - a wand of light (7)
Scrolls
 j - 4 scrolls of blinking
 o - 4 scrolls of amnesia
 p - 7 scrolls of butterflies
 q - 5 scrolls of identify
 r - 2 scrolls of fear
 s - 3 scrolls of brand weapon
Potions
 d - 6 potions of might
 e - 10 potions of curing
 f - 8 potions of heal wounds
 g - 6 potions of haste
 h - 7 potions of magic
 i - 2 potions of berserk rage
 k - 2 potions of brilliance
 l - 2 potions of invisibility
 m - 4 potions of resistance
 n - a potion of experience
Miscellaneous
 v - a condenser vane
 B - a lightning rod (4/4)
 F - a phantom mirror


   Skills:
 + Level 9.8 Fighting
 + Level 11.6 Axes
 + Level 14.1 Armour
 + Level 13.9 Shields


You had 9 spell levels left.
You didn't know any spells.
Your spell library contained the following spells:

 Spells                   Type           Power      Damage    Failure   Level
 Ice Form                 Ice/Tmut       0%         N/A       100%        4
 Simulacrum               Ice/Necr       0%         N/A       100%        6
 Ozocubu's Refrigeration  Ice            0%         4d7       100%        7


Dungeon Overview and Level Annotations

Branches:
Dungeon (1/1)

Altars:
Ashenzari
Cheibriados
Dithmenos
Elyvilon
Fedhas
Gozag
Hepliaklqana
Kikubaaqudgha
Makhleb
Nemelex Xobeh
Okawaru
Qazlal
Ru
Sif Muna
Trog
Uskayaw
Vehumet
Wu Jian
Xom
Yredelemnul
Zin
The Shining One
Jiyva
Lugonu

Annotations:
D 1 transporter


Innate Abilities, Weirdness & Mutations

You are completely covered in rugged brown scales. (AC +3, +7% HP)
Armour fits poorly on your strangely shaped body.
You have a long armoured tail.
You roll when moving toward enemies. (Rampage)
Your long tongue fully drains potion bottles. (2x potion effects)
Your tongue gives you trouble enunciating. (1.5x scroll delay)


Message History

Your ufetubus hits the peacekeeper.
Your ufetubus hits the peacekeeper but does no damage.
Your ynoxinul hits the peacekeeper but does no damage.
Unknown command.
Unknown command.
Unknown command.
You closely miss the ironbound frostheart.
The ironbound frostheart is moderately wounded.
You slash the great orb of eyes! You open a gate to Pandemonium!
A demon appears!
You barely miss the ironbound preserver.
You hit the ironbound frostheart. You hit the peacekeeper.
You block the peacekeeper's attack.
GONNNNG!
You block the peacekeeper's attack.
BOUMMMMG!
Your ufetubus hits the peacekeeper but does no damage.
Your ufetubus barely misses the peacekeeper.
Your ufetubus hits the peacekeeper.
Your ufetubus hits the peacekeeper but does no damage.
The ironbound preserver hits you with a +0 great mace.
The great orb of eyes bites you!
* * * LOW HITPOINT WARNING * * *
You block the ironbound frostheart's attack.
BOUMMMMG!
The ironbound frostheart touches you.
* * * LOW HITPOINT WARNING * * *
The ironbound frostheart freezes you! You resist.
* * * LOW HITPOINT WARNING * * *
You block the peacekeeper's attack.
BONNNG!
The peacekeeper claws you but does no damage.
Your ufetubus barely misses the peacekeeper.
Your ufetubus hits the peacekeeper but does no damage.
Your ufetubus hits the peacekeeper.
Your ufetubus hits the peacekeeper but does no damage.
Your ynoxinul hits the peacekeeper but does no damage.
The ironbound frostheart touches you but does no damage.
The ironbound preserver hits you with a +0 great mace!!
You die...

▓.▓...▓.▓
▓...©...▓
▓▓▓▓▓▓▓▓▓
▓..8©8..▓
▓..:})..▓
▓..}}:..▓
▓...c...▓
▓.3ppG..▓
▓.59@p..▓
▓.3.5...▓
▓.▓...▓.▓
▓...©...▓
▓▓▓▓▓▓▓▓▓


You could see an ironbound preserver, a great orb of eyes (sheltered), 2
ironbound frosthearts, a peacekeeper (sheltered, ally target), a yaktaur
(sheltered), a friendly smoke demon (summoned), a friendly ynoxinul (summoned)
and 2 friendly ufetubi.

Vanquished Creatures
  A dancing weapon (D)
  A rime drake (D)
  2 wind drakes (D)
  A raiju (D)
  A tarantella (D)
  A wolf (shapeshifter) (D)
  A centaur (D)
  A scorpion (D)
  2 ufetubi (D)
  A worm (shapeshifter) (D)
12 creatures vanquished.

Vanquished Creatures (collateral kills)
  A deep elf death mage (D)
  A deep elf pyromancer (D)
  A rime drake (D)
  3 merfolk (D)
  A fire elemental (D)
  A steam dragon (D)
  2 swamp drakes (D)
  2 scorpions (D)
12 creatures vanquished.

Grand Total: 24 creatures vanquished

Notes
Turn   | Place    | Note
-------+----------+-------------------------------------------
     0 | D        | mhtbhm the Armataur Fighter began the quest for the Orb.
     0 | D        | Reached XP level 1. HP: 19/19 MP: 1/1
     0 | D        | Found a shimmering blue altar of Sif Muna.
     0 | D        | Found a bloodstained altar of Trog.
     0 | D        | Found a sacrificial altar of Ru.
     0 | D        | Found a stormy altar of Qazlal.
     0 | D        | Found an iron altar of Okawaru.
     1 | D        | Found a sparkling altar of Nemelex Xobeh.
     1 | D        | Found a blossoming altar of Fedhas.
     1 | D        | Found the +6 Majin-Bo {vamp, MP+6 Int+6}
     1 | D        | Found the +9 heavy crossbow "Sniper" {vorpal, Acc+∞ SInv}
     1 | D        | Found the +10 dark maul {vorpal}
     1 | D        | Found the +15 Maxwell's patent armour {-Cast -Tele rElec
                  | Will+ rCorr}
     1 | D        | Found the +18 shield of the Gong {rElec rN+ Will+ EV-5}
     1 | D        | Found the +14 obsidian axe {vorpal, Mesm Drain Fly SInv}
     1 | D        | Found the +7 great mace "Firestarter" {inner flame, rF++}
     1 | D        | Found the +6 shillelagh "Devastator" {shatter}
     1 | D        | Found the +11 plutonium sword {Contam Stlth-}
     1 | D        | Found the +8 lance "Wyrmbane" {slay drac, rPois rF+ rC+
                  | AC+3}
     1 | D        | Found the +9 sword of Zonguldrok {reap}
     1 | D        | Found the +13 scythe of Curses {drain, Drain}
     1 | D        | Found the +5 sword of Power {vorpal}
     1 | D        | Found the +7 mace of Variability {chain chaos}
     1 | D        | Found the +7 Singing Sword {vorpal, sonic wave}
     1 | D        | Found the +8 storm bow {elec, penet}
     3 | D        | Found a transporter.
     3 | D        | Found an ancient bone altar of Kikubaaqudgha.
     3 | D        | Found a viscous altar of Jiyva.
     3 | D        | Found a corrupted altar of Lugonu.
     3 | D        | Found a hazy altar of Hepliaklqana.
     3 | D        | Found a burning altar of Makhleb.
     3 | D        | Found an opulent altar of Gozag.
    81 | D        | Entered arena 2.
    81 | D        | Noticed an ogre
    81 | D        | Found a transporter.
    83 | D        | an ogre changed into a wolf
    83 | D        | Noticed a wolf (shapeshifter)
    84 | D        | Killed a wolf
    85 | D        | Reached skill level 5 in Fighting
    85 | D        | Reached skill level 6 in Armour
    85 | D        | Reached skill level 5 in Shields
    85 | D        | Reached XP level 2. HP: 31/31 MP: 2/2
    85 | D        | Reached XP level 3. HP: 38/38 MP: 3/3
    85 | D        | Reached XP level 4. HP: 44/44 MP: 4/4
   237 | D        | Entered arena 3.
   237 | D        | Noticed a raiju
   237 | D        | Found a transporter.
   241 | D        | Killed a raiju
   242 | D        | Reached skill level 8 in Armour
   242 | D        | Reached XP level 5. HP: 28/54 MP: 5/5
   242 | D        | Reached XP level 6. HP: 32/62 MP: 6/6
   248 | D        | Got the ring "Evyul" {Ice rElec rCorr Str+3 Dex-5}
   342 | D        | Entered arena 4.
   342 | D        | Noticed a tarantella
   342 | D        | Found a transporter.
   343 | D        | Noticed a sixfirhy
   344 | D        | Killed a tarantella
   345 | D        | Reached skill level 5 in Axes
   345 | D        | Reached skill level 10 in Armour
   346 | D        | Reached XP level 7. HP: 51/70 MP: 7/7
   357 | D        | Got the ring of Happiness {Wiz rPois Int+4}
   440 | D        | Entered arena 5.
   440 | D        | Noticed a +2 mace of protection
   440 | D        | Noticed a deep elf pyromancer
   440 | D        | Noticed a deep elf death mage
   440 | D        | Noticed a fire elemental
   440 | D        | Found a transporter.
   444 | D        | Killed a +2 mace of protection
   445 | D        | Reached skill level 11 in Armour
   445 | D        | Reached skill level 10 in Shields
   445 | D        | Reached XP level 8. HP: 62/80 MP: 8/8
   445 | D        | Killed a deep elf death mage
   446 | D        | Reached skill level 12 in Armour
   446 | D        | Reached XP level 9. HP: 67/88 MP: 9/9
   447 | D        | Killed a deep elf pyromancer
   454 | D        | Got the amulet "Yptikh" {-Cast rF++ Regen+}
   508 | D        | Entered arena 6.
   508 | D        | Noticed a rime drake
   508 | D        | Noticed a rime drake
   508 | D        | Found a transporter.
   513 | D        | Reached skill level 10 in Axes
   513 | D        | Reached skill level 13 in Armour
   513 | D        | Killed a rime drake
   514 | D        | Killed a rime drake
   517 | D        | Got Irhot's Tome of the Snowflakes
   530 | D        | Entered arena 7.
   530 | D        | Noticed a wind drake
   530 | D        | Noticed a wind drake
   530 | D        | Noticed a merfolk
   530 | D        | Noticed a merfolk
   530 | D        | Noticed a merfolk
   531 | D        | Found a transporter.
   535 | D        | Killed a merfolk
   541 | D        | Killed a merfolk
   543 | D        | Killed a wind drake
   545 | D        | Killed a merfolk
   546 | D        | Reached skill level 14 in Armour
   546 | D        | Reached XP level 10. HP: 57/98 MP: 10/10
   695 | D        | Entered arena 8.
   695 | D        | Noticed an ironbound frostheart
   695 | D        | Noticed a peacekeeper
   695 | D        | Noticed an ironbound frostheart
   695 | D        | Noticed a great orb of eyes
   695 | D        | Noticed an ironbound preserver
   696 | D        | Found a transporter.
   703 | D        | Demolished by an ironbound preserver

Illustrated notes

Levels and vault maps discovered:
D:        sprint_v [room_start, room_1, room_2, room_3, room_4, room_5, room_6,
          room_7, room_8, room_9, room_10, room_11, room_12, room_13, room_14,
          room_15, room_16, room_17, room_18, room_19, room_20, room_21,
          room_22, room_23, room_24, room_25, room_26, room_27]

Skill      XL: |  1  2  3  4  5  6  7  8  9 |
---------------+----------------------------+-----
Fighting       | 5 6 7 8 9 |  9.8
Axes           | 2 4 5 7 9 11 | 11.6
Armour         | 6 8 10 11 12 14 | 14.1
Shields        | 5 8 9 10 12 13 | 13.9

Action                   |  1- 3 |  4- 6 |  7- 9 | 10-12 || total
-------------------------+-------+-------+-------+-------++-------
Melee: Broad axe         |     2 |     7 |    21 |     7 ||    37
       Tailslap          |       |       |     2 |       ||     2
  Use: Potion            |     1 |       |       |     2 ||     3
Armor: Gold dragon scale |       |    10 |    17 |     9 ||    36
Dodge: Dodged            |       |       |     3 |     1 ||     4
Block: Kite shield       |       |    22 |    36 |    20 ||    78

Table legend: (Time is in decaauts)
 A = Elapsed time spent in this place.
 B = Non-inter-level travel time spent in this place.
 C = Inter-level travel time spent in this place.
 D = Time resting spent in this place.
 E = Time spent auto-exploring this place.
 F = Levels seen in this place.
 G = Mean time per level.
                   A        B        C        D        E       F      G
               +--------+--------+--------+--------+--------+-----+--------+
         Total |    722 |    722 |      0 |    497 |      0 |   1 |  722.0 |
       Dungeon |    722 |    722 |      0 |    497 |      0 |   1 |  722.0 |
               +--------+--------+--------+--------+--------+-----+--------+

Top non-repeatable levels by time:
       D: 722 daAuts
